 Dungeon Crawl Stone Soup version 0.31.0-12-g77e489cdc1 (webtiles) character file.

Game seed: 9625096790109308953

26434 hawla the Thaumaturge (level 12, -2/64 HPs)
             Began as a Deep Elf Fire Elementalist on Feb 13, 2024.
             Was an Elder of Vehumet.
             Constricted to death by Jorgrun (6 damage)
             ... on level 12 of the Dungeon.
             The game lasted 00:51:01 (13026 turns).

hawla the Thaumaturge (Deep Elf Fire Elementalist) Turns: 13026, Time: 00:51:02

Health: -2/64      AC:  7    Str:  8    XL:     12   Next: 98%
Magic:  3/38       EV: 12    Int: 29    God:    Vehumet [****..]
Gold:   1449       SH: 10    Dex: 15    Spells: 12/33 levels left

rFire   + + .        l - +1 dagger (distort)
rCold   + . .        t - +0 buckler
rNeg    . . .        n - +1 robe of the Untouchables {rElec Regen+}
rPois   .            e - +1 helmet
rElec   +            m - scarf of Existentialism {rC+ rF+, rElec Will+ Str+3 Int+3}
rCorr   .            j - +0 pair of gloves
SInv    +            h - +0 pair of boots
Will    ++...        k - amulet of reflection
Stlth   +++          H - ring of protection from fire
HPRegen 1.10/turn    a - ring of magical power
MPRegen 0.26/turn

%: reflection
@: grasped by roots, hasted, constricted, very quick
A: see invisible, wild magic 1
a: Renounce Religion


You were on level 12 of the Dungeon.
You worshipped Vehumet.
Vehumet was greatly pleased with you.
You visited 1 branch of the dungeon, and saw 12 of its levels.

You collected 2049 gold pieces.
You spent 600 gold pieces at shops.

Inventory:

Hand Weapons
 l - a +1 dagger of distortion (weapon)
 F - the +11 quarterstaff "Gobess" {flame, MP+9 Stlth+}
   (You found it on level 11 of the Dungeon)

   MP+9:      It affects your magic capacity (+9).
   Stlth+:    It makes you more stealthy.
Armour
 e - a +1 helmet (worn)
 h - a +0 pair of boots (worn)
 j - a +0 pair of gloves (worn)
 m - the scarf of Existentialism (worn) {rC+ rF+, rElec Will+ Str+3 Int+3}
   (You bought it in a shop on level 9 of the Dungeon)

   Str+3:     It affects your strength (+3).
   Int+3:     It affects your intelligence (+3).
   rElec:     It insulates you from electricity.
   Will+:     It increases your willpower.
 n - the +1 robe of the Untouchables (worn) {rElec Regen+}
   (You bought it in a shop on level 9 of the Dungeon)

   rElec:     It insulates you from electricity.
   Regen+:    It increases your rate of health regeneration.
 s - the +0 robe of the Northern Lights {Archmagi}
   (You bought it in a shop on level 4 of the Dungeon)

   Archmagi:  It increases the power of your magical spells.
 t - a +0 buckler (worn)
 v - an orb of energy
Jewellery
 a - a ring of magical power (right hand)
 i - a +6 ring of strength
 k - an amulet of reflection (around neck)
 A - an amulet of the acrobat
 H - a ring of protection from fire (left hand)
Wands
 g - a wand of roots (7)
 p - a wand of paralysis (5)
 x - a wand of polymorph (12)
 z - a wand of flame (27)
 C - a wand of light (8)
 D - a wand of mindburst (9)
Scrolls
 d - 3 scrolls of identify
 y - 3 scrolls of revelation
Potions
 f - 4 potions of attraction
 o - 2 potions of enlightenment
 q - 3 potions of haste
 r - 2 potions of might
 u - a potion of mutation
 w - 3 potions of cancellation {unknown}
Miscellaneous
 G - a phial of floods (inert)


   Skills:
 - Level 3.3 Fighting
 + Level 9.3 Short Blades
 - Level 7.3 Dodging
 - Level 4.2 Stealth
 - Level 5.5 Shields
 - Level 11.0 Spellcasting
 - Level 6.9 Conjurations
 - Level 3.0 Translocations
 - Level 10.0 Fire Magic
 - Level 7.6 Air Magic
 - Level 3.0 Earth Magic
 - Level 3.0 Alchemy
 - Level 7.2 Evocations


You had 12 spell levels left.
You knew the following spells:

 Your Spells              Type           Power      Damage    Failure   Level
a - Foxfire               Conj/Fire      100%       2x1d9     1%          1
b - Scorch                Fire           100%       2d9       1%          2
c - Fulminant Prism       Conj/Alch      27%        3d14      2%          4
d - Flame Wave            Conj/Fire      71%        2d16      1%          4
e - Plasma Beam           Fire/Air       36%        2x1d49    8%          6
f - Iskenderun's Mystic   Conj/Tloc      55%        2d12      2%          4

Your spell library contained the following spells:

 Spells                   Type           Power      Damage    Failure   Level
 Freezing Cloud           Conj/Ice/Air   27%        6-21      7%          5
 Magic Dart               Conj           100%       1d8       1%          1
 Searing Ray              Conj           100%       2d8       1%          2
 Hailstorm                Conj/Ice       47%        3d10      1%          3
 Inner Flame              Hex/Fire       55%        N/A       1%          3
 Stone Arrow              Conj/Erth      100%       3d13      1%          3
 Volatile Blastmotes      Fire/Tloc      100%       2d18      1%          3
 Freeze                   Ice            80%        1d9       2%          1
 Arcjolt                  Conj/Air       33%        1d43      3%          5
 Frozen Ramparts          Ice            40%        1d7       5%          3
 Slow                     Hex            80%        N/A       8%          1
 Vhi's Electric Charge    Tloc/Air       100%       N/A       9%          4
 Lee's Rapid Deconstruct  Erth           21%        3d12*     13%         5
 Call Canine Familiar     Summ           20%        N/A       21%         3
 Confusing Touch          Hex            20%        N/A       21%         3
 Sigil of Binding         Hex            20%        N/A       21%         3
 Vampiric Draining        Necr           20%        2d7       21%         3
 Leda's Liquefaction      Alch/Erth      21%        N/A       21%         4
 Bombard                  Conj/Erth      27%        9d5       28%         6
 Dimensional Bullseye     Hex/Tloc       16%        N/A       34%         4


Dungeon Overview and Level Annotations

Branches:
Dungeon (12/15)            Temple (0/1) D:4            Lair (0/5) D:10
    Orc (0/2) D:12

Altars:
Ashenzari
Fedhas
Hepliaklqana
Makhleb
Nemelex Xobeh
Qazlal
Sif Muna
Trog
Vehumet
Wu Jian
Xom
The Shining One

Shops:
D:4 [   D:9 [

Annotations:
D:7 Charlie33ad's ghost, novice MiFi
D:12 Jorgrun


Innate Abilities, Weirdness & Mutations

You have supernaturally acute eyesight. (SInv)
Your spells are a little harder to cast, but a little more powerful.


Message History

Jorgrun is no longer waterlogged.
The vampire mosquito barely misses you. x2
You block the vampire mosquito's attack.
The vampire mosquito bites you.
The vampire mosquito draws strength from your injuries!
You block the vampire mosquito's attack.
The vampire mosquito completely misses you.
The vampire mosquito bites you but does no damage.
Jorgrun casts a spell at you.
Roots burst forth from the earth!
The grasping roots grab you! The grasping roots constrict you!
You block the vampire mosquito's attack.
The vampire mosquito bites you but does no damage.
The vampire mosquito barely misses you.
The roots grasp on you weakens, but your attempt to escape fails.
The vampire mosquito misses you.
You block the vampire mosquito's attack.
The vampire mosquito closely misses you.
You block the vampire mosquito's attack.
The vampire mosquito bites you.
The vampire mosquito draws strength from your injuries!
The grasping roots constrict you!
* * * LOW HITPOINT WARNING * * *
The vampire mosquito misses you. The vampire mosquito barely misses you.
The shadow slips into darkness.
The shadow flickers and vanishes for a moment.
The vampire mosquito bites you but does no damage.
Okay, then.
Okay, then.
You feel yourself speed up. The vampire mosquito misses you.
The vampire mosquito barely misses you.
You block the vampire mosquito's attack.
The vampire mosquito bites you.
* * * LOW HITPOINT WARNING * * *
The vampire mosquito draws strength from your injuries!
The vampire mosquito bites you.
* * * LOW HITPOINT WARNING * * *
The vampire mosquito draws strength from your injuries!
The grasping roots constrict you.
You die...

,,,,,,,,,,,,,,,*,,,,,,,,,,,,,*,+∩
,,,,,,,,,......#........,,,,,*,++
,,,,,,......>.?.........,,,,,*,,,
,......?................,,,,,***+
,................^......,,,,,,,,,
,.....).................,,,,,,,,,
,.!.....................,,,,,,,,,
,......o§§§.............,,,,,,,,,
,......§§~§..Wgy@.......,,,,,,,,,
,......§§§§~...yyy#####.,,,,,*,,,
,#.....§§§§~.......#***,,,,,,,,,,
,#.....§§§§§.........#****,,,,,,,
,#...?.§~..............,,****,,,,
,.........§....#........,,* ***,,
,..............##...#...,,* ***
,..............#*##.....,,**
,................**...,,,,,*


You could see Jorgrun, 4 vampire mosquitoes and a shadow (invisible).

Vanquished Creatures
  A frost giant (D:11)
  3 ettins (D:11)
  3 two-headed ogres
  2 boulder beetles
  3 death yaks (D:10)
  A wolf spider zombie (D:10)
  A deep elf pyromancer (D:8)
  14 cyclopes
  3 centaur zombies (D:10)
  3 centaur skeletons (D:10)
  An unseen horror (D:9)
  A komodo dragon (D:11)
  Psyche (D:11)
  2 hellwings (D:10)
  A hornet (D:11)
  Sigmund (D:3)
  A shadow (D:9)
  4 wraiths
  20 yaks
  A vampire (D:12)
  A wyvern (D:10)
  2 steam dragons
  An acid dragon (D:9)
  3 water moccasins
  2 sky beasts (D:7)
  2 ice beasts
  5 orc warriors
  3 centaurs
  7 wolves (D:11)
  2 phantoms
  4 kobold brigands
  Blork the orc (D:6)
  3 bullfrogs
  A scorpion (D:2)
  11 wights
  10 killer bees
  4 howler monkeys
  An electric eel (D:11)
  4 crimson imps (D:7)
  A jelly (D:7)
  3 bombardier beetles
  3 hounds (D:5)
  6 orc priests
  3 sleepcaps
  Terence (D:2)
  A boggart zombie (D:10)
  2 iguanas
  8 orc wizards
  A hell rat (D:10)
  A statue (D:3)
  Robin (D:2)
  10 gnolls
  7 adders
  A river rat (D:10)
  3 shadow imps (D:10)
  4 ufetubi
  11 dart slugs
  45 orcs
  8 bats
  9 endoplasms
  3 giant cockroaches
  16 goblins
  5 hobgoblins
  6 jackals
  19 kobolds
  3 quokkas
  9 ball pythons
  A frilled lizard (D:1)
  9 rats
334 creatures vanquished.

Vanquished Creatures (others)
  657 foxfires
  20 fulminant prisms
677 creatures vanquished.

Grand Total: 1011 creatures vanquished

Notes
Turn   | Place    | Note
-------+----------+-------------------------------------------
     0 | D:1      | hawla the Deep Elf Fire Elementalist began the quest for
                  | the Orb.
     0 | D:1      | Reached XP level 1. HP: 10/10 MP: 6/6
    29 | D:1      | Reached skill level 1 in Fighting
   108 | D:1      | Reached XP level 2. HP: 15/16 MP: 6/8
   443 | D:1      | Reached XP level 3. HP: 19/20 MP: 4/9
   507 | D:1      | Found a faded altar of an unknown god.
   792 | D:2      | Learned a level 2 spell: Scorch
   853 | D:2      | Noticed Robin
   873 | D:2      | Reached XP level 4. HP: 21/25 MP: 0/10
   884 | D:2      | Killed Robin
  1016 | D:2      | Noticed Terence
  1116 | D:2      | Killed Terence
  1391 | D:2      | Noticed a scorpion
  1396 | D:2      | Killed a scorpion
  1397 | D:2      | Reached skill level 5 in Fire Magic
  1397 | D:2      | Reached XP level 5. HP: 29/29 MP: 5/11
  1482 | D:2      | Found a bloodstained altar of Trog.
  1794 | D:3      | Found a glowing golden altar of the Shining One.
  2005 | D:3      | Found a radiant altar of Vehumet.
  2022 | D:3      | Noticed a charred statue
  2030 | D:3      | Learned a level 4 spell: Fulminant Prism
  2213 | D:3      | Reached skill level 1 in Alchemy
  2285 | D:3      | Identified the +4 trident of Amorality {distort, Str+5}
  2475 | D:3      | Noticed Sigmund
  2539 | D:3      | Killed Sigmund
  2540 | D:3      | Reached XP level 6. HP: 27/34 MP: 6/12
  2839 | D:3      | Became a worshipper of Vehumet
  3042 | D:4      | Reached XP level 7. HP: 38/38 MP: 5/13
  3287 | D:4      | Found a staircase to the Ecumenical Temple.
  3414 | D:4      | Found Muekalui's Antique Armour Shoppe.
  3452 | D:4      | Bought an ichor-stained robe for 125 gold pieces
  3452 | D:4      | Identified the +0 robe of the Northern Lights {Archmagi}
                  | (You bought it in a shop on level 4 of the Dungeon)
  3452 | D:4      | Bought a buckler for 99 gold pieces
  3498 | D:4      | Learned a level 4 spell: Flame Wave
  3754 | D:5      | Entered Level 5 of the Dungeon
  3801 | D:5      | Reached skill level 5 in Conjurations
  3801 | D:5      | Reached skill level 1 in Shields
  4583 | D:5      | Found an ornate altar of the Wu Jian Council.
  4584 | D:5      | Found a broken altar of Ashenzari.
  4601 | D:5      | Found a shimmering blue altar of Sif Muna.
  4948 | D:5      | Reached XP level 8. HP: 43/43 MP: 9/14
  5075 | D:6      | Identified a scroll of acquirement
  5075 | D:6      | Acquired 1171 gold pieces
  5119 | D:6      | Noticed Blork the orc
  5128 | D:6      | Killed Blork the orc
  5128 | D:6      | Reached * piety under Vehumet
  5128 | D:6      | Offered knowledge of Shock by Vehumet.
  5445 | D:6      | Reached skill level 5 in Shields
  5445 | D:6      | Reached skill level 4 in Spellcasting
  5914 | D:7      | Reached skill level 5 in Spellcasting
  5917 | D:7      | Reached skill level 1 in Evocations
  5979 | D:7      | Found a stormy altar of Qazlal.
  6173 | D:7      | Found a shimmering altar of Xom.
  6394 | D:7      | Reached skill level 5 in Evocations
  6434 | D:7      | Reached XP level 9. HP: 48/48 MP: 18/18
  6509 | D:7      | Offered knowledge of Momentum Strike by Vehumet.
  6520 | D:7      | Reached ** piety under Vehumet
  6775 | D:7      | Found a sparkling altar of Nemelex Xobeh.
  7029 | D:7      | Found a runed translucent door.
  7029 | D:7      | Noticed Charlie33ad's ghost (novice MiFi)
  7286 | D:8      | Found a hazy altar of Hepliaklqana.
  7360 | D:8      | Noticed a deep elf pyromancer
  7363 | D:8      | Reached skill level 5 in Dodging
  7834 | D:9      | Learned a level 6 spell: Plasma Beam
  7850 | D:9      | Reached skill level 1 in Air Magic
  8058 | D:9      | Offered knowledge of Stone Arrow by Vehumet.
  8059 | D:9      | Reached XP level 10. HP: 56/56 MP: 12/20
  8063 | D:9      | Reached skill level 5 in Air Magic
  8076 | D:9      | Reached *** piety under Vehumet
  8078 | D:9      | Reached skill level 6 in Spellcasting
  8394 | D:9      | Found a burning altar of Makhleb.
  8439 | D:9      | Found Erenusm's Antique Armour Boutique.
  8455 | D:9      | Learned a level 3 spell: Stone Arrow
  8500 | D:9      | Bought a fine scarf for 240 gold pieces
  8500 | D:9      | Identified the scarf of Existentialism {rC+ rF+, rElec
                  | Will+ Str+3 Int+3} (You bought it in a shop on level 9 of
                  | the Dungeon)
  8500 | D:9      | Bought a masterwork robe for 136 gold pieces
  8500 | D:9      | Identified the +1 robe of the Untouchables {rElec Regen+}
                  | (You bought it in a shop on level 9 of the Dungeon)
  8630 | D:9      | Found a blossoming altar of Fedhas.
  8702 | D:8      | Killed a deep elf pyromancer
  9310 | D:10     | Entered Level 10 of the Dungeon
  9312 | D:10     | Offered knowledge of Iskenderun's Mystic Blast by Vehumet.
  9329 | D:9      | Learned a level 4 spell: Iskenderun's Mystic Blast
  9439 | D:10     | Reached skill level 1 in Translocations
  9443 | D:10     | Reached skill level 7 in Spellcasting
  9443 | D:10     | Reached XP level 11. HP: 33/60 MP: 8/23
  9559 | D:10     | Noticed a death yak
  9565 | D:10     | Noticed a death yak
  9565 | D:10     | Noticed a death yak
  9742 | D:10     | Identified the +0 robe "Umnul" {Rampage rElec}
  9871 | D:10     | Reached skill level 8 in Spellcasting
  9905 | D:10     | Reached **** piety under Vehumet
 10032 | D:10     | Killed a death yak
 10032 | D:10     | Killed a death yak
 10038 | D:10     | Killed a death yak
 10039 | D:10     | Reached skill level 9 in Spellcasting
 10060 | D:10     | Offered knowledge of Ignite Poison by Vehumet.
 10247 | D:10     | Noticed a two-headed ogre
 10266 | D:10     | Killed a two-headed ogre
 10630 | D:10     | Found a staircase to the Lair.
 10716 | D:10     | Noticed a two-headed ogre
 10719 | D:10     | Killed a two-headed ogre
 11230 | D:11     | Noticed an ettin
 11234 | D:11     | Killed an ettin
 11235 | D:11     | Reached skill level 10 in Spellcasting
 11408 | D:11     | Noticed Psyche
 11415 | D:11     | Killed Psyche
 11504 | D:11     | Reached XP level 12. HP: 64/64 MP: 28/28
 11510 | D:11     | Noticed an ettin
 11514 | D:11     | Killed an ettin
 11514 | D:11     | Noticed a boulder beetle
 11520 | D:11     | Gained mutation: You have supernaturally acute eyesight.
                  | (SInv) [potion of mutation]
 11520 | D:11     | Gained mutation: Your spells are a little harder to cast,
                  | but a little more powerful. [potion of mutation]
 11540 | D:11     | Killed a boulder beetle
 11571 | D:11     | Reached ***** piety under Vehumet
 11744 | D:11     | Reached skill level 11 in Spellcasting
 11744 | D:11     | Reached skill level 10 in Fire Magic
 11762 | D:11     | Reached skill level 1 in Short Blades
 11861 | D:11     | Offered knowledge of Freezing Cloud by Vehumet.
 12270 | D:11     | Reached skill level 5 in Short Blades
 12335 | D:11     | Noticed an ettin
 12338 | D:11     | Killed an ettin
 12434 | D:11     | Noticed a frost giant
 12450 | D:11     | Killed a frost giant
 12511 | D:11     | Identified the +11 quarterstaff "Gobess" {flame, MP+9
                  | Stlth+}
 12537 | D:11     | Identified the +1 ring mail of the Moon {rPois Regen+}
 12549 | D:11     | Identified the +5 triple crossbow "Boalautieff" {penet,
                  | rPois Will+ Int-3}
 12806 | D:12     | Noticed Jorgrun
 12908 | D:12     | Noticed a boulder beetle
 12911 | D:12     | Killed a boulder beetle
 12990 | D:12     | Noticed a two-headed ogre
 12998 | D:12     | Killed a two-headed ogre
 13026 | D:12     | Constricted to death by Jorgrun

Illustrated notes

Levels and vault maps discovered:
D:1:      wander_arrival_fairy_ring, layout_rooms,
          ebering_ecumenical_altar_rust, serial_bayou_crossing
D:2:      layout_rooms, basic_altar, grunt_ministairs_7, minmay_tall_x,
          uniq_robin, uniq_terence
D:3:      layout_basic, mainiacjoe_overflow_boulevard, vehumet_statue,
          st_stairs_13, uniq_sigmund
D:4:      layout_gridville, minmay_temple_entry_slanted, serial_shops,
          nicolae_shop_tiny_waterfront, kennysheep_crisscross
D:5:      layout_loops_corners, chequers_temple_overflow_statue_of_worship,
          uniq_blork_the_orc
D:6:      kennysheep_slugbush, layout_gridville
D:7:      layout_basic, nicolae_qazlal_beasts_of_the_sky,
          nemelex_diamond_rough_becter, led_xom_imps,
          ebering_ghost_reflecting_pool
D:8:      layout_loops_ring, lemuel_crystal_altar
D:9:      layout_cave_pools, mainiacjoe_overflow_alcove_1, marbit_many_paths,
          serial_shops, nicolae_shop_back_alley_shop
D:10:     cheibrodos_grave_circle, layout_basic, dpeg_lair_monsters
D:11:     giant_chief_lemuel, layout_loops_ring, uniq_psyche
D:12:     layout_cross, hiddenorc1_lemuel, enter_trove_6, serial_shops,
          bzr_entry_water, uniq_nergalle, uniq_jorgrun

Skill      XL: |  1  2  3  4  5  6  7  8  9 10 11 12 |
---------------+-------------------------------------+-----
Fighting       | 1 2 3 |  3.3
Stealth        | 3 4 |  4.2
Dodging        | 3 6 7 |  7.3
Conjurations   | 2 3 4 5 6 |  6.9
Fire Magic     | 5 6 7 9 10 | 10.0
Alchemy        | 3 |  3.0
Shields        | 4 5 |  5.5
Spellcasting   | 5 7 10 11 | 11.0
Evocations     | 5 7 |  7.2
Air Magic      | 3 7 |  7.6
Earth Magic    | 3 |  3.0
Translocations | 1 3 |  3.0
Short Blades   | 9 |  9.3

Action                     |  1- 3 |  4- 6 |  7- 9 | 10-12 || total
---------------------------+-------+-------+-------+-------++-------
  Melee: Unarmed           |     8 |     7 |     6 |     5 ||    26
         Dagger            |       |       |       |    36 ||    36
   Cast: Foxfire           |    49 |    57 |   167 |   107 ||   380
         Scorch            |     2 |    26 |    78 |    66 ||   172
         Fulminant Prism   |       |     5 |     8 |     7 ||    20
         Flame Wave        |       |       |     8 |    25 ||    33
         Iskenderun's Myst |       |       |       |    22 ||    22
         Plasma Beam       |       |       |       |    42 ||    42
         Stone Arrow       |       |       |       |     1 ||     1
  Evoke: Wand              |       |       |       |     4 ||     4
         Phial of floods   |       |       |       |     1 ||     1
    Use: Potion            |     1 |     3 |     2 |     5 ||    11
         Scroll            |     1 |     2 |    15 |    10 ||    28
   Stab: Sleeping          |       |       |       |     1 ||     1
 Armour: Robe              |    16 |    23 |    28 |   133 ||   200
         Skin              |       |       |       |     8 ||     8
  Dodge: Dodged            |    21 |    34 |    33 |    97 ||   185
  Block: Buckler           |       |       |    16 |    99 ||   115
         Other             |       |       |     3 |       ||     3
         Reflection        |       |       |     1 |     7 ||     8
